 Dungeon Crawl Stone Soup version 0.29.1 (webtiles) character file.

Game seed: 9081314385156116293

49 testman the Stinger (level 3, -1/24 HPs)
             Began as a Demonspawn Venom Mage on Sept 12, 2022.
             Slain by a hobgoblin (2 damage)
             ... on level 2 of the Dungeon.
             The game lasted 00:07:51 (1769 turns).

testman the Stinger (Demonspawn Venom Mage)         Turns: 1769, Time: 00:07:52

Health: -1/24      AC:  3    Str: 14    XL:     3   Next: 51%
Magic:  2/7        EV: 12    Int: 18    God:
Gold:   17         SH:  0    Dex: 13    Spells: 4/7 levels left

rFire   + . .      SeeInvis .   e - +0 short sword
rCold   . . .      Faith    .   (no shield)
rNeg    . . .      Spirit   .   k - +1 robe of the Albatross {Str+6}
rPois   .          Reflect  .   (no helmet)
rElec   .          Harm     .   (no cloak)
rCorr   .          Rampage  .   (no gloves)
Will    .....                   (no boots)
Stlth   ++........              (no amulet)
HPRegen 0.08/turn               g - ring of protection from fire
MPRegen 0.10/turn               (no ring)

@: no status effects
A: demonic guardian 1, ignite blood 1
a: no special abilities


You were on level 2 of the Dungeon.
You visited 1 branch of the dungeon, and saw 2 of its levels.

You collected 17 gold pieces.

Inventory:

Hand Weapons
 e - a +0 short sword (weapon)
Missiles
 d - 5 curare-tipped darts
Armour
 k - the +1 robe of the Albatross (worn) {Str+6}
   (You found it on level 2 of the Dungeon)

   Str:       It affects your strength (+6).
Jewellery
 g - a ring of protection from fire (left hand)
Scrolls
 a - a scroll of enchant armour {unknown}
 c - a scroll of poison {unknown}
 f - 3 scrolls of identify {unknown}
 h - a scroll of butterflies {unknown}
 i - a scroll of noise {unknown}
 j - a scroll of torment {unknown}
Potions
 b - a potion of magic


   Skills:
 - Level 1.7 Dodging
 - Level 1.7 Stealth
 + Level 2.7 Spellcasting
 + Level 1.4 Transmutations
 + Level 0.7 Air Magic
 + Level 3.6 Poison Magic


You had 4 spell levels left.
You knew the following spells:

 Your Spells              Type           Power      Damage    Failure   Level
a - Sting                 Tmut/Pois      44%        1d5       6%          1
b - Poisonous Vapours     Pois/Air       20%        N/A       11%         2

Your spell library contained the following spells:

 Spells                   Type           Power      Damage    Failure   Level
 Ignite Poison            Fire/Tmut/Pois 8%         N/A       26%         3
 Mephitic Cloud           Conj/Pois/Air  7%         N/A       28%         3
 Olgreb's Toxic Radiance  Pois           15%        N/A       36%         4
 Freezing Cloud           Conj/Ice/Air   1%         6-21      99%         5


Dungeon Overview and Level Annotations

Branches:
Dungeon (2/15)

Altars:

Annotations:
D:2 Robin


Innate Abilities, Weirdness & Mutations

A weak demonic guardian rushes to your aid.
Your demonic aura sometimes causes spilled blood to erupt in flames.


Message History

The goblin attacks as you move away! The goblin hits you with a +0 club.
* * * LOW HITPOINT WARNING * * *
You hear a shout!
The goblin no longer looks unusually strong.
The goblin closely misses you.
The goblin shoots a sling bullet.
The sling bullet barely misses you. The goblin attacks as you move away!
The goblin hits you with a +0 dagger.
* * * LOW HITPOINT WARNING * * *
The goblin attacks as you move away! The goblin barely misses you.
The goblin no longer looks unusually strong.
A hobgoblin comes into view.
Robin roars a battlecry!
The goblins go into a battle-frenzy!
The goblin shoots a sling bullet.
The sling bullet hits you.
* * * LOW HITPOINT WARNING * * *
A demonic guardian appears!
Robin throws the goblin at you!
Your quasit bites the goblin.
Your quasit claws the goblin. x2
The goblin dies!
You swap places.
Your quasit bites the goblin.
Your quasit claws the goblin.
The goblin dies!
You see here a +0 club.
Okay, then.
Your quasit closely misses the goblin. x2; Your quasit claws the goblin.
The goblin barely misses your quasit.
Your quasit bites the goblin.
Your quasit claws the goblin.
The goblin dies!
The hobgoblin hits you.
* * * LOW HITPOINT WARNING * * *
Your quasit closely misses the hobgoblin.
Your quasit barely misses the hobgoblin.
Your quasit claws the hobgoblin.
You see here a ball python corpse.
Unknown command.
The goblin no longer looks unusually strong.
There is a stone staircase leading up here.
You hit the hobgoblin.
The hobgoblin is heavily wounded.
The hobgoblin hits you.
You die...

#.#.###... .. #..
###.......## ### ####.#
#..........# #.....
#..........# ##.g...
#..........# ###).....
#..........# #..J.....
#...[......# ##.#.#....
######..######J......##
#@g5.g)g)..#.#..#
#....g.)##......#
#.......####....#
#)......# #..####
#.......# #.##
######...... .......
.#..##


You could see a hobgoblin (ally target), 3 goblins and a friendly quasit
(summoned).

Vanquished Creatures
  3 endoplasms
  A giant cockroach (D:1)
  7 goblins
  3 hobgoblins
  2 jackals (D:1)
  A kobold (D:1)
  A quokka (D:1)
  2 ball pythons (D:2)
  4 bats
  A rat (D:1)
25 creatures vanquished.

Vanquished Creatures (collateral kills)
  An adder (D:2)
  A worm (D:2)
  A giant cockroach (D:2)
  3 goblins (D:2)
6 creatures vanquished.

Grand Total: 31 creatures vanquished

Notes
Turn   | Place    | Note
-------+----------+-------------------------------------------
     0 | D:1      | testman the Demonspawn Venom Mage began the quest for the
                  | Orb.
     0 | D:1      | Reached XP level 1. HP: 13/13 MP: 3/3
    24 | D:1      | Reached skill level 1 in Transmutations
   556 | D:1      | Gained mutation: A weak demonic guardian rushes to your
                  | aid. [demonic ancestry]
   556 | D:1      | Reached XP level 2. HP: 16/19 MP: 3/5
   559 | D:1      | Learned a level 2 spell: Poisonous Vapours
   645 | D:1      | Found a faded altar of an unknown god.
  1384 | D:2      | Identified the +1 robe of the Albatross {Str+6}
  1433 | D:2      | Noticed Robin
  1450 | D:2      | Gained mutation: Your demonic aura sometimes causes spilled
                  | blood to erupt in flames. [demonic ancestry]
  1450 | D:2      | Reached XP level 3. HP: 2/24 MP: 2/6
  1761 | D:2      | HP: 1/24 [goblin/sling bullet[Robin] (3)]
  1769 | D:2      | Slain by a hobgoblin

Illustrated notes

Levels and vault maps discovered:
D:1:      dpeg_arrival_rooms_b, layout_basic, ebering_ecumenical_altar_hall
D:2:      layout_rooms, serial_glass, glass_columns_a, glass_columns_a,
          kennysheep_generic_room_2, uniq_robin

Skill      XL: |  1 |
---------------+----+-----
Transmutations | 1 |  1.4
Dodging        | |  1.7
Stealth        | |  1.7
Spellcasting   | |  2.7
Air Magic      | |  0.7
Poison Magic   | |  3.6

Action                   || total
-------------------------++-------
Melee: Unarmed           ||    23
       Short sword       ||    51
       Punch             ||     1
 Cast: Sting             ||    33
       Poisonous Vapours ||     4
 Stab: Sleeping          ||     2
Armor: Robe              ||    34
Dodge: Dodged            ||    64
